 Dungeon Crawl Stone Soup version 0.32-a0-656-g3542139ebd (webtiles) character file.

Game seed: 3296930396703259147

70 hikkokomori the Chopper (level 4, -3/35 HPs)
             Began as a Coglin Berserker on Mar 9, 2024.
             Was a Believer of Trog.
             Slain by a gnoll
             ... wielding a +0 spear
              (5 damage)
             ... on level 3 of the Dungeon.
             The game lasted 00:03:11 (2023 turns).

hikkokomori the Chopper (Coglin Berserker)          Turns: 2023, Time: 00:03:11

Health: -3/35      AC:  2    Str: 23    XL:     4   Next: 21%
Magic:  4/4        EV: 12    Int:  6    God:    Trog [**....]
Gold:   194        SH:  0    Dex: 16    Spells: 3/3 levels left

rFire   . . .        k - +9 great sword of Ascent {flame, Str+4 Dex+2}
rCold   . . .        (shield currently unavailable)
rNeg    . . .        b - +0 animal skin
rPois   .            (no helmet)
rElec   .            (no cloak)
rCorr   .            (no gloves)
SInv    .            (no boots)
Will    .....        (amulet unavailable)
Stlth   +            (ring unavailable)
HPRegen 0.25/turn    (ring unavailable)
MPRegen 0.09/turn    (no gizmo)

%: no passive effects
@: revved
A: off-hand wielding, slow wielding, warmup strikes, no jewellery
a: Invent Gizmo, Renounce Religion, Berserk, Trog's Hand


You were on level 3 of the Dungeon.
You worshipped Trog.
Trog was pleased with you.
You visited 1 branch of the dungeon, and saw 3 of its levels.

You collected 194 gold pieces.

Inventory:

Hand Weapons
 k - the +9 great sword of Ascent (weapon) {flame, Str+4 Dex+2}
   (You found it on level 2 of the Dungeon)

   Str+4:     It affects your strength (+4).
   Dex+2:     It affects your dexterity (+2).
Missiles
 i - 5 atropa-tipped darts (quivered)
 n - a throwing net
Armour
 b - a +0 animal skin (worn)
Wands
 c - a wand of digging (3)
Scrolls
 a - a scroll of immolation {unknown}
 d - 2 scrolls of teleportation {unknown}
 e - 4 scrolls of identify {unknown}
 l - a scroll of fear {unknown}
 m - a scroll of torment {unknown}
 p - a scroll of vulnerability {unknown}
 q - a scroll of blinking {unknown}
Potions
 f - 2 potions of attraction {unknown}
 g - 2 potions of curing {unknown}
 h - a potion of haste {unknown}
 j - a potion of heal wounds {unknown}
 o - a potion of lignification {unknown}


   Skills:
 - Level 3.3 Fighting
 + Level 2.1 Long Blades
 - Level 3.3 Axes
 - Level 2.2 Armour
 - Level 2.2 Dodging


You had 3 spell levels left.
You didn't know any spells.
Your spell library was empty.

Dungeon Overview and Level Annotations

Branches:
Dungeon (3/15)

Altars:


Innate Abilities, Weirdness & Mutations

You can wield a second weapon in your off-hand.
It takes a long time for you to wield or remove held weapons.
Your first few attacks do less damage.
You cannot equip rings or amulets.


Message History

There is a stone staircase leading up here.
A ball python comes into view.
Found a scroll labelled KUPUBE REEXOGI.
The ball python bites you but does no damage.
You slash the ball python! You burn the ball python.
You kill the ball python!
Trog accepts your kill.
No target in view!
No target in view!
No target in view!
No target in view!
No target in view!
q - a scroll labelled KUPUBE REEXOGI A gnoll comes into view.
It is wielding a +0 spear.
The gnoll shouts!
A gnoll comes into view. It is wielding a +0 halberd.
A gnoll comes into view. It is wielding a +0 spear.
The gnoll shouts! x2
The gnoll completely misses you. The gnoll hits you with a +0 halberd.
The gnoll closely misses you.
You slash the gnoll! You burn the gnoll.
The gnoll is severely wounded.
The gnoll barely misses you. The gnoll hits you with a +0 halberd.
The gnoll hits you with a +0 spear. The gnoll completely misses you.
The gnoll barely misses you. x2
You slice the gnoll!! You burn the gnoll.
You kill the gnoll!
Trog accepts your kill.
The gnoll hits you from afar with a +0 spear.
The gnoll hits you with a +0 spear.
Your Long Blades skill increases to level 2!
You barely miss the gnoll. The gnoll barely misses you.
The gnoll hits you with a +0 spear!
* * * LOW HITPOINT WARNING * * *
The gnoll hits you from afar with a +0 spear.
* * * LOW HITPOINT WARNING * * *
The gnoll completely misses you.
You barely miss the gnoll.
The gnoll hits you from afar with a +0 spear.
You die...

#########
.......#...#...#...
.......#.#.#.#.#...
.......#.#.#.#.#..
.......#.#.#.#.#..
.......#.#.#.#.#.#
.......#.#.#.#.#.#
.....gg#.#.#.#.#.#
......)@.#...#...####.#
.#####.#########......#
#...........###### ##
...##......# #.####.#
#.# .. #.# ## #.# #.#


You could see 2 gnolls.

Vanquished Creatures
  A gnoll (D:3)
  An adder (D:2)
  A dart slug (D:2)
  3 endoplasms (D:1)
  4 giant cockroaches
  6 goblins
  A jackal (D:1)
  3 quokkas (D:1)
  10 ball pythons
  8 bats
  2 frilled lizards (D:1)
  5 kobolds
  6 rats
51 creatures vanquished.

Notes
Turn   | Place    | Note
-------+----------+-------------------------------------------
     0 | D:1      | hikkokomori the Coglin Berserker began the quest for the
                  | Orb.
     0 | D:1      | Reached XP level 1. HP: 18/18 MP: 1/1
   191 | D:1      | Reached XP level 2. HP: 24/24 MP: 2/2
   490 | D:1      | Reached ** piety under Trog
   563 | D:1      | Reached XP level 3. HP: 25/29 MP: 3/3
  1216 | D:2      | Identified the +9 great sword of Ascent {flame, Str+4
                  | Dex+2}
  1318 | D:2      | Reached skill level 1 in Long Blades
  1587 | D:2      | Identified the ring "Isyhatug" {+Blink Str-3 Int+6 Dex+6}
  1611 | D:2      | Reached XP level 4. HP: 35/35 MP: 4/4
  1874 | D:2      | Found a faded altar of an unknown god.
  2023 | D:3      | Slain by a gnoll

Illustrated notes

Levels and vault maps discovered:
D:1:      ncdulo_smallfort, layout_basic, st_stairs_11
D:2:      layout_loops_ring, shapermc_ecumenical_altar_mp_highgroup
D:3:      layout_basic, serial_shops, shop, minivault_27

Skill      XL: |  1  2  3  4 |
---------------+-------------+-----
Armour         | 2 |  2.2
Dodging        | 2 |  2.2
Long Blades    | 1 2 |  2.1
Fighting       | |  3.3
Axes           | |  3.3

Action                     |  1- 3 |  4- 6 || total
---------------------------+-------+-------++-------
  Melee: Hand axe          |    47 |       ||    47
         Dagger            |    41 |       ||    41
         Great sword       |    22 |     9 ||    31
   Stab: Sleeping          |     2 |       ||     2
 Armour: Animal skin       |    40 |    12 ||    52
  Dodge: Dodged            |    53 |    14 ||    67

Table legend: (Time is in decaauts)
 A = Elapsed time spent in this place.
 B = Non-inter-level travel time spent in this place.
 C = Inter-level travel time spent in this place.
 D = Time resting spent in this place.
 E = Time spent auto-exploring this place.
 F = Levels seen in this place.
 G = Mean time per level.
                   A        B        C        D        E       F      G
               +--------+--------+--------+--------+--------+-----+--------+
         Total |   2044 |   1894 |    150 |      0 |   1594 |   3 |  681.3 |
       Dungeon |   2044 |   1894 |    150 |      0 |   1594 |   3 |  681.3 |
               +--------+--------+--------+--------+--------+-----+--------+

Top non-repeatable levels by time:
     D:1: 1192 daAuts
     D:2: 789 daAuts
     D:3: 63 daAuts
